 Dungeon Crawl Stone Soup version 0.31.0-9-g3a7656b989 (webtiles) character file.

Game seed: 3358794957557288936

124 qw the Shooter (level 4, -5/23 HPs)
             Began as a Spriggan Hunter on Feb 2, 2024.
             Slain by a gnoll
             ... wielding a +0 halberd
              (13 damage)
             ... on level 3 of the Dungeon.
             The game lasted 00:00:09 (1839 turns).

qw the Shooter (Spriggan Hunter)                    Turns: 1839, Time: 00:00:09

Health: -5/23      AC:  6    Str:  7    XL:     4   Next: 81%
Magic:  5/5        EV: 20    Int: 10    God:
Gold:   37         SH:  0    Dex: 20    Spells: 3/3 levels left

rFire   . . .        a - +0 shortbow
rCold   . . .        (shield currently unavailable)
rNeg    . . .        c - +0 robe
rPois   +            (helmet restricted)
rElec   .            (no cloak)
rCorr   .            (gloves unavailable)
SInv    +            (boots unavailable)
Will    .....        (no amulet)
Stlth   ++           f - ring of poison resistance
HPRegen 0.23/turn    j - +4 ring of protection
MPRegen 0.09/turn

%: no passive effects
@: very quick
A: very small, no large weapons, unfitting armour, see invisible, speed 3
a: no special abilities


You were on level 3 of the Dungeon.
You visited 1 branch of the dungeon, and saw 3 of its levels.

You collected 175 gold pieces.
You spent 138 gold pieces at shops.


Innate Abilities, Weirdness & Mutations

You are very small and have problems with some larger weapons.
You are too small for most types of armour.
You have supernaturally acute eyesight. (SInv)
You cover ground extremely quickly. (Speed+++)


   Skills:
 - Level 2.0 Fighting
 + Level 5.1 Ranged Weapons
 - Level 5.0 Dodging
 - Level 1.5 Stealth


You had 3 spell levels left.
You didn't know any spells.
Your spell library was empty.

Inventory:

Hand Weapons
 a - a +0 shortbow (weapon)
Armour
 c - a +0 robe (worn)
Jewellery
 f - a ring of poison resistance (left hand)
 i - a ring of willpower
 j - a +4 ring of protection (right hand)
Scrolls
 b - 4 scrolls of teleportation
 h - a scroll of identify
Potions
 e - 2 potions of curing
 g - 2 potions of mutation

Dungeon Overview and Level Annotations

Branches:
Dungeon (3/15)

Altars:
Elyvilon

Shops:
D:2 [?   D:3 *?


Message History

You become entangled in the net!
You struggle against the net.
You hear the rusting of a distant drain.
You struggle against the net.
A gnoll comes into view. It is wielding a +0 spear.
You struggle against the net.
The gnoll hits you from afar with a +0 halberd!
The gnoll completely misses you.
You struggle against the net.
The gnoll hits you from afar with a +0 spear.
The gnoll barely misses you.
You rip the net and break free!
The gnoll closely misses you.
The gnoll hits you from afar with a +0 halberd.
The gnoll misses you.
You shoot an arrow. The gnoll shouts!
The arrow hits the gnoll but does no damage.
The gnoll closely misses you. The gnoll misses you. x2
The gnoll barely misses you. The gnoll closely misses you.
You shoot an arrow. The arrow hits the gnoll.
The gnoll is moderately wounded.
The gnoll completely misses you. The gnoll closely misses you.
The gnoll hits you from afar with a +0 spear.
The gnoll barely misses you.
You shoot an arrow. The arrow closely misses the gnoll.
The gnoll barely misses you. The gnoll completely misses you.
The gnoll closely misses you. x2
You shoot an arrow. The arrow barely misses the gnoll.
The gnoll misses you. The gnoll completely misses you.
The gnoll closely misses you. The gnoll hits you but does no damage.
You shoot an arrow. The arrow closely misses the gnoll.
The gnoll hits you but does no damage. x2; The gnoll barely misses you.
The gnoll closely misses you.
You shoot an arrow.
The arrow hits the gnoll but does no damage.
The gnoll is moderately wounded.
The gnoll hits you from afar with a +0 halberd!
Ouch! That really hurt!
You die...

##...######
#.#.#
##.###
#.#.# #.##
##.#.#
.#####
..#.#
.....#
#.#.#
.###.#
#.#.# %#
#.# #...#
<# #.#
#...# .#
#.# #g@.#
.# #..
#...# ..
..#


#ggg# ##..## #...# .# #...# # #.\.# #...# ....# You could see 4 gnolls.

Vanquished Creatures
  Robin (D:3)
  A gnoll (D:1)
  2 adders
  2 ribbon worms (D:2)
  A dart slug (D:1)
  2 ball pythons (D:1)
  5 bats
  3 endoplasms
  19 goblins
  7 hobgoblins
  10 jackals (D:1)
  5 kobolds
  2 quokkas
  2 frilled lizards (D:1)
  3 rats
65 creatures vanquished.

Notes
Turn   | Place    | Note
-------+----------+-------------------------------------------
     0 | D:1      | qw the Spriggan Hunter began the quest for the Orb.
     0 | D:1      | Reached XP level 1. HP: 10/10 MP: 2/2
     0 | D:1      | 0 ||| qw: Version: 0.3-a-155-g5e7d8dd
     0 | D:1      | 0 ||| qw: Game counter: 2016
     0 | D:1      | 0 ||| qw: Melee chars always use a shield: true
     0 | D:1      | 0 ||| qw: God list: Okawaru
     0 | D:1      | 0 ||| qw: Allow faded altars: false
     0 | D:1      | 0 ||| qw: Do Orc after clearing Dungeon:15 true
     0 | D:1      | 0 ||| qw: Do second Lair branch before Depths: true
     0 | D:1      | 0 ||| qw: Lair rune preference: random
     0 | D:1      | 0 ||| qw: Goals: Normal
     0 | D:1      | 0 ||| PLANNING D:1-11
    52 | D:1      | Reached skill level 3 in Dodging
   103 | D:1      | Reached XP level 2. HP: 14/14 MP: 3/3
   350 | D:1      | Reached XP level 3. HP: 18/18 MP: 4/4
   762 | D:1      | 762 ||| DROPPING +6 ring of intelligence.
   763 | D:1      | 763 ||| UPGRADING to ring of poison resistance.
   764 | D:1      | 764 ||| UPGRADING to +4 ring of protection.
   765 | D:1      | 765 ||| READING scroll labelled KYUHIEPIKK.
   768 | D:1      | 768 ||| READING 4 scrolls labelled SOYMNE GUAH.
   768 | D:1      | 768 ||| IDENTIFYING amethyst potion
   769 | D:1      | 769 ||| READING 3 scrolls of identify.
   769 | D:1      | 769 ||| IDENTIFYING emerald potion
   770 | D:1      | 770 ||| DROPPING scroll of butterflies.
   771 | D:1      | 771 ||| DROPPING potion of degeneration.
   816 | D:2      | Reached XP level 4. HP: 21/22 MP: 5/5
   997 | D:2      | Found Ceump's Armour Boutique.
  1001 | D:2      | 1001 ||| SHOPLISTING +1 hat (110 gold, have 69).
  1141 | D:2      | Found Daf Qemirch's Magic Scroll Emporium.
  1151 | D:2      | 1151 ||| BUYING scroll of identify (24 gold).
  1151 | D:2      | Bought a scroll of identify for 24 gold pieces
  1151 | D:2      | 1151 ||| BUYING scroll of teleportation (36 gold).
  1151 | D:2      | Bought a scroll of teleportation for 36 gold pieces
  1151 | D:2      | 1151 ||| BUYING scroll of teleportation (36 gold).
  1151 | D:2      | Bought a scroll of teleportation for 36 gold pieces
  1151 | D:2      | 1151 ||| SHOPLISTING scroll of teleportation (36 gold, have
                  | 16).
  1442 | D:2      | 1442 ||| DROPPING ring of wizardry.
  1443 | D:2      | 1443 ||| READING 4 scrolls of identify.
  1443 | D:2      | 1443 ||| IDENTIFYING 2 ruby potions
  1444 | D:2      | 1444 ||| READING 3 scrolls of identify.
  1444 | D:2      | 1444 ||| IDENTIFYING 4 scrolls labelled COVESOTEN
  1445 | D:2      | 1445 ||| DROPPING 4 scrolls of revelation.
  1463 | D:3      | 1463 ||| PLANNING SEWER
  1478 | D:3      | Found Rivvan's General Store.
  1493 | D:3      | 1493 ||| BUYING potion of curing (42 gold).
  1493 | D:3      | Bought a potion of curing for 42 gold pieces
  1493 | D:3      | 1493 ||| SHOPLISTING potion of might (56 gold, have 37).
  1493 | D:3      | 1493 ||| SHOPLISTING scroll of teleportation (42 gold, have
                  | 37).
  1546 | D:3      | Found a white marble altar of Elyvilon.
  1610 | D:3      | Noticed Robin
  1629 | D:3      | HP: 5/22 [goblin/+0 club[Robin] (1)]
  1630 | D:3      | 1630 ||| READING 5 scrolls of teleportation.
  1653 | D:3      | 1653 ||| FLEEEEING.
  1667 | D:3      | 1667 ||| FLEEEEING.
  1669 | D:3      | 1669 ||| FLEEEEING.
  1670 | D:3      | 1670 ||| FLEEEEING.
  1671 | D:3      | 1671 ||| FLEEEEING.
  1673 | D:3      | 1673 ||| STAIRDANCE
  1711 | D:2      | 1711 ||| READING 2 scrolls of identify.
  1711 | D:2      | 1711 ||| IDENTIFYING scroll labelled ORE UTYMAFYA
  1712 | D:2      | 1712 ||| DROPPING scroll of vulnerability.
  1778 | D:3      | Killed Robin
  1820 | D:3      | Found Teuzih's Magic Scroll Emporium.
  1839 | D:3      | Slain by a gnoll

Levels and vault maps discovered:
D:1:      dpeg_arrival_pond, layout_basic, minmay_circled_x
D:2:      layout_loops_ring, serial_shops, shop, nicolae_shop_stone,
          chequers_arboretum, chequers_serial_rivers_marsh
D:3:      layout_loops_ring, mainiacjoe_overflow_alcove_2,
          mainiacjoe_overflow_24_doors, serial_shops,
          nicolae_shop_tiny_real_fake_doors, nicolae_shop_pleasant_corner_grove,
          shop, nicolae_shop_crystal, gup_sewer_entry_pipe, uniq_ijyb,
          uniq_robin

Skill      XL: |  1  2  3  4 |
---------------+-------------+-----
Dodging        | 3 4 5 |  5.0
Ranged Weapons | 5 |  5.1
Fighting       | 2 |  2.0
Stealth        | |  1.5

Action                     |  1- 3 |  4- 6 || total
---------------------------+-------+-------++-------
   Fire: Shortbow          |    93 |    86 ||   179
    Use: Scroll            |     3 |     4 ||     7
 Armour: Robe              |    13 |    29 ||    42
  Dodge: Dodged            |    34 |    65 ||    99

Table legend:
 A = Non-vault XP
 B = Vault XP
 C = Vault XP percentage of total XP
 D = Non-vault monster count
 E = Vault monster count
 F = Vault count percentage of total count
                 A         B        C        D         E       F
            +---------+---------+-------+---------+---------+-------
      Total |     131 |      47 |  26.4 |      48 |      17 |  26.2
            +---------+---------+-------+---------+---------+-------
        D:1 |      79 |       7 |   8.1 |      34 |       4 |  10.5
        D:2 |      33 |       0 |   0.0 |      10 |       0 |   0.0
        D:3 |      19 |      40 |  67.8 |       4 |      13 |  76.5
            +---------+---------+-------+---------+---------+-------
